 Dungeon Crawl Stone Soup version 0.19-a0-1907-gcff654f (webtiles) character file.

35 junb69 the Cutter (level 3, 0/25 HPs)
             Began as a Halfling Gladiator on Oct 21, 2016.
             Was a Follower of Dithmenos.
             Killed from afar by Natasha (9 damage)
             ... with a magic dart
             ... on level 2 of the Dungeon.
             The game lasted 00:03:00 (1449 turns).

junb69 the Cutter (Halfling Gladiator)              Turns: 1449, Time: 00:03:01

Health: 0/25       AC:  9    Str: 16    XL:     3   Next: 52%
Magic:  3/3        EV: 13    Int:  6    God:    Dithmenos [*.....]
Gold:   106        SH:  4    Dex: 15    Spells: 0 memorised, 2 levels left

rFire  + . .     SeeInvis .     a - +0 rapier
rCold  + . .     Gourm    .     j - +0 ring mail
rNeg   . . .     Faith    .     p - +0 buckler
rPois  +         Spirit   .     c - +0 helmet
rElec  +         Reflect  .     e - +2 cloak
rCorr  +         Harm     .     (no gloves)
MR     .....                    (no boots)
Stlth  +.........               (no amulet)
                                (no ring)
                                (no ring)

@: resistant, wreathed by umbra
A: mutation resistance 1
a: Renounce Religion


You were on level 2 of the Dungeon.
You worshipped Dithmenos.
Dithmenos was aware of your devotion.
You were not hungry.

You visited 1 branch of the dungeon, and saw 3 of its levels.

You collected 106 gold pieces.

Inventory:

Hand Weapons
 a - a +0 rapier (weapon)
Armour
 c - a +0 helmet (worn)
 e - a +2 cloak (worn)
 j - a +0 ring mail (worn)
 p - a +0 buckler (worn)
Scrolls
 k - a scroll of identify {unknown}
 n - a scroll of teleportation {unknown}
Potions
 l - a potion of flight {unknown}
 m - a potion of mutation {unknown}
 o - a potion of cancellation {unknown}
Comestibles
 f - 2 bread rations
 g - a meat ration
 h - a chunk of flesh


   Skills:
 * Level 2.5 Fighting
 * Level 4.6 Short Blades
 - Level 2.0 Throwing
 - Level 3.2 Dodging


You had 2 spell levels left.
You didn't know any spells.

Dungeon Overview and Level Annotations

Branches:
Dungeon (3/15)

Altars:
Dithmenos
Elyvilon
The Shining One

Annotations:
D:2 Natasha


Innate Abilities, Weirdness & Mutations

You are small and have problems with some larger weapons.
You are somewhat resistant to further mutation.


Message History

Press: ? - help, Shift-Dir - straight line, f/p - Natasha
Aim: Natasha (severely wounded, umbra)
You throw a throwing net. The throwing net barely misses Natasha.
Natasha misses you. The shadow imp closely misses you.
It was a potion of cure mutation.
It has a very clean taste.
Natasha howls an incantation.
Natasha's front paws start to glow.
You block Natasha's attack.
The shadow imp shouts, "Leave, thou pox-marked dread-bolted fustilarian!"
The shadow imp closely misses you.
It was a potion of resistance.
You feel protected. Natasha barely misses you.
The shadow imp shouts, "Begone, thou tottering wibble-sucking burrow-botch!"
The shadow imp closely misses you.
You barely miss Natasha.
Natasha is severely wounded.
Natasha casts a spell at you. The magic dart hits you!
You die...

#..#..# #.###.# #.###.##
####.#_...## #.'..#...._#
#.##.#_...## ###.##.###.##
....##.###.############
######..#..#...)@.....#
##...##...5h.....#
###.##...........# #
######.#_#.^..........# #
.......#####..........###########
.....###........(..............##
.##### ############...##.........
.# ###...######### .#
###..##.....#


You could see Natasha and a shadow imp.

Vanquished Creatures
  A dart slug (D:1)
  2 leopard geckos
  A ball python (D:1)
  3 giant cockroaches (D:1)
  A goblin (D:1)
  4 hobgoblins
  2 jackals (D:1)
  2 kobolds
  6 bats
  2 frilled lizards
  5 rats
29 creatures vanquished.

Notes
Turn   | Place    | Note
-------+----------+-------------------------------------------
     0 | D:1      | junb69 the Halfling Gladiator began the quest for the Orb.
     0 | D:1      | Reached XP level 1. HP: 14/14 MP: 1/1
   354 | D:1      | Reached skill level 4 in Short Blades
   354 | D:1      | Reached XP level 2. HP: 16/19 MP: 2/2
   553 | D:1      | Reached XP level 3. HP: 24/25 MP: 3/3
   889 | D:2      | Found a faded altar of an unknown god.
  1035 | D:2      | Found a white marble altar of Elyvilon.
  1212 | D:2      | Found a glowing golden altar of the Shining One.
  1212 | D:2      | Found a faded altar of an unknown god.
  1218 | D:2      | Found a faded altar of an unknown god.
  1220 | D:2      | Found a faded altar of an unknown god.
  1222 | D:2      | Found a faded altar of an unknown god.
  1250 | D:2      | Became a worshipper of Dithmenos the Shadowed
  1250 | D:2      | Reached * piety under Dithmenos
  1412 | D:3      | Noticed Natasha
  1449 | D:2      | Killed from afar by Natasha

Vault maps used:
D:1:      minmay_arrival_widening_spiral_narrow, minivault_11,
          hangedman_abyss_or_decor_stabs, minmay_hexomino_c4
D:2:      chequers_temple_overflow_minitemple, ecumenical_altar_2,
          elyvilon_altar_1
D:3:      uniq_sigmund, uniq_crazy_yiuf_cottage, uniq_grinder, uniq_natasha

Skill      XL: |  1 |
---------------+----+-----
Fighting       | 2 |  2.5
Short Blades   | 4 |  4.6
Throwing       | |  2.0
Dodging        | |  3.2

Action                   || total
-------------------------++-------
Melee: Rapier            ||   113
Throw: Throwing net      ||     3
  Use: Potion            ||     2
  Eat: Chunk             ||     2
Armor: Ring mail         ||    28
Dodge: Dodged            ||    93
Block: Buckler           ||     6
